 Dungeon Crawl Stone Soup version 0.29.1-1-gd02db69 (webtiles) character file.

Game seed: 6583311433927039908

252 jagoly the Shooter (level 6, -3/48 HPs)
             Began as a Barachi Hunter on Nov 18, 2022.
             Killed by an exploding orc priest (29 damage)
             ... ignited by their inner flame
             ... on level 5 of the Dungeon.
             The game lasted 00:28:24 (4628 turns).

jagoly the Shooter (Barachi Hunter)                 Turns: 4628, Time: 00:28:24

Health: -3/48      AC:  7    Str: 18    XL:     6   Next: 14%
Magic:  6/6        EV: 11    Int: 10    God:
Gold:   260        SH:  0    Dex: 17    Spells: 5/5 levels left

rFire   . . .      SeeInvis .   a - +0 shortbow
rCold   . . .      Faith    .   (shield currently unavailable)
rNeg    . . .      Spirit   .   v - +0 scale mail
rPois   .          Reflect  .   (no helmet)
rElec   .          Harm     .   z - +0 cloak
rCorr   .          Rampage  .   (no gloves)
Will    .....                   (no boots)
Stlth   ..........              (no amulet)
HPRegen 0.16/turn               s - +6 ring of strength
MPRegen 0.10/turn               (no ring)

@: slow
A: amphibious, slowness 1, strong legs 1, +LOS
a: Hop


You were on level 5 of the Dungeon.
You visited 2 branches of the dungeon, and saw 6 of its levels.

You collected 260 gold pieces.

Inventory:

Hand Weapons
 a - a +0 shortbow (weapon)
Missiles
 f - 7 poisoned darts
Armour
 v - a +0 scale mail (worn)
 z - a +0 cloak (worn)
Jewellery
 s - a +6 ring of strength (left hand)
Wands
 l - a wand of charming (14)
Scrolls
 g - a scroll of amnesia {unknown}
 h - a scroll of torment {unknown}
 i - 2 scrolls of enchant weapon {unknown}
 j - 2 scrolls of fog
 k - a scroll of noise {unknown}
 o - a scroll of brand weapon {unknown}
 q - a scroll of acquirement {unknown}
 r - a scroll of fear {unknown}
 w - a scroll of magic mapping {unknown}
 y - a scroll of identify {unknown}
Potions
 c - a potion of magic {unknown}
 d - 2 potions of flight {unknown}
 e - a potion of might {unknown}
 m - 2 potions of heal wounds {unknown}
 n - a potion of curing {unknown}
 p - a potion of lignification {unknown}
 t - a potion of brilliance {unknown}
 u - 3 potions of invisibility {unknown}
 x - a potion of mutation {unknown}


   Skills:
 - Level 4.0 Fighting
 * Level 5.9 Ranged Weapons
 * Level 2.6 Armour
 - Level 3.0 Dodging
 - Level 1.0 Stealth


You had 5 spell levels left.
You didn't know any spells.
Your spell library contained the following spells:

 Spells                   Type           Power      Damage    Failure   Level
 Beastly Appendage        Tmut           0%         N/A       77%         1
 Wereblood                Tmut           0%         N/A       88%         2
 Dazzling Flash           Conj/Hex       0%         N/A       98%         3
 Spider Form              Tmut/Pois      0%         N/A       98%         3
 Iskenderun's Mystic Bla  Conj/Tloc      0%         2d3       100%        4
 Starburst                Conj/Fire      0%         6d3       100%        6


Dungeon Overview and Level Annotations

Branches:
Dungeon (5/15) Zot: 24810  Temple (1/1) D:4 Zot: 5825

Altars:
Gozag
Hepliaklqana
Kikubaaqudgha
Nemelex Xobeh
Qazlal
Ru
Sif Muna
Trog
The Shining One


Innate Abilities, Weirdness & Mutations

You are amphibious.
You cover ground slowly.
You can hop short distances.
You have an extended range of vision and can be seen from far away.


Message History

HP restored.
Found a cloak.
Found 19 gold pieces.
Found 6 gold pieces.
You see here a +0 cloak.
You start putting on your armour.
You continue putting on your +0 cloak. x4
You finish putting on your +0 cloak.
You drop a +0 leather armour.
HP restored.
You now have 223 gold pieces (gained 19). 2 gnolls come into view.
The gnoll shouts!
Unknown command.
Fire: a) +0 shortbow
Press: ? - help, Q - select action, (/) - cycle Shift-Dir - straight line, f - gnoll
Aim: a gnoll, wielding a +0 spear (66% to hit)
You shoot an arrow. The arrow hits the gnoll.
The gnoll is lightly wounded.
A gnoll comes into view. It is wielding a +0 flail.
Fire: a) +0 shortbow
Press: ? - help, Q - select action, (/) - cycle Shift-Dir - straight line, f - gnoll, p - gnoll
Aim: a gnoll, wielding a +0 flail (wandering, hasn't noticed you, 66% to hit)
You shoot an arrow.
The arrow hits the gnoll but does no damage.
The gnoll is lightly wounded.
Fire: a) +0 shortbow
Press: ? - help, Q - select action, (/) - cycle Shift-Dir - straight line, f/p - gnoll
Aim: a gnoll, wielding a +0 flail (66% to hit)
You shoot an arrow. The arrow hits the gnoll!
The gnoll is almost dead.
Fire: a) +0 shortbow
Press: ? - help, Q - select action, (/) - cycle Shift-Dir - straight line, f/p - gnoll
Aim: a gnoll, wielding a +0 flail (66% to hit)
You shoot an arrow. The arrow hits the gnoll.
The gnoll is almost dead.
The gnoll barely misses you. The gnoll hits you but does no damage.
Fire: a) +0 shortbow
Press: ? - help, Q - select action, (/) - cycle Shift-Dir - straight line, f - gnoll
Aim: a gnoll, wielding a +0 spear (66% to hit)
You shoot an arrow. The arrow hits the gnoll!
You kill the gnoll!
Fire: a) +0 shortbow
Press: ? - help, Q - select action, (/) - cycle Shift-Dir - straight line, f - gnoll, p - gnoll
Aim: a gnoll, wielding a +0 flail (66% to hit)
You shoot an arrow. The arrow hits the gnoll!
The gnoll is severely wounded.
The gnoll hits you from afar with a +0 spear.
A gnoll comes into view. It is wielding a +0 spear.
Fire: a) +0 shortbow
Press: ? - help, Q - select action, (/) - cycle Shift-Dir - straight line, f - gnoll
Aim: a gnoll, wielding a +0 spear (wandering, hasn't noticed you, 66% to hit)
You shoot an arrow. The gnoll shouts!
The arrow hits the gnoll but does no damage.
The gnoll is severely wounded.
The gnoll misses you.
Fire: a) +0 shortbow
Press: ? - help, Q - select action, (/) - cycle Shift-Dir - straight line, f/p - gnoll
Aim: a gnoll, wielding a +0 spear (66% to hit)
You shoot an arrow. The arrow closely misses the gnoll.
The arrow hits the gnoll.
The gnoll is moderately wounded.
Fire: a) +0 shortbow
Press: ? - help, Q - select action, (/) - cycle Shift-Dir - straight line, f/p - gnoll
Aim: a gnoll, wielding a +0 spear (moderately wounded, 66% to hit)
You shoot an arrow. The arrow hits the gnoll.
The gnoll is lightly wounded.
The gnoll hits you with a +0 flail. The gnoll misses you.
The gnoll barely misses you.
Fire: a) +0 shortbow
Press: ? - help, Q - select action, (/) - cycle Shift-Dir - straight line, f/p - gnoll
Aim: a gnoll, wielding a +0 spear (moderately wounded, 66% to hit)
You shoot an arrow. The arrow barely misses the gnoll. x2
The arrow closely misses the gnoll.
The gnoll hits you from afar with a +0 spear.
The gnoll hits you with a +0 flail.
Fire: a) +0 shortbow
Press: ? - help, Q - select action, (/) - cycle Shift-Dir - straight line, f - gnoll
Aim: a gnoll, wielding a +0 spear (severely wounded, 66% to hit)
You shoot an arrow. The arrow completely misses the gnoll.
The arrow hits the gnoll but does no damage.
The gnoll is severely wounded.
The gnoll barely misses you. The gnoll closely misses you.
Fire: a) +0 shortbow
Press: ? - help, Q - select action, (/) - cycle Shift-Dir - straight line, f - gnoll, p - gnoll
Aim: a gnoll, wielding a +0 spear (moderately wounded, 66% to hit)
You shoot an arrow.
The arrow hits the gnoll but does no damage.
The gnoll is lightly wounded.
The gnoll barely misses you. x2; The gnoll hits you with a +0 flail!
The gnoll hits you from afar with a +0 spear.
The gnoll attacks as you move away! The gnoll closely misses you.
Hop to where?
Press: ? - help, Dir - move target Boing!
Okay, then.
Okay, then.
Okay, then.
As you read the scroll of teleportation, it crumbles to dust.
You feel strangely unstable.
Fire: a) +0 shortbow
Press: ? - help, Q - select action, (/) - cycle Shift-Dir - straight line, f - gnoll
Aim: a gnoll, wielding a +0 flail (lightly wounded, 66% to hit)
You shoot an arrow. The arrow closely misses the gnoll.
Fire: a) +0 shortbow
Press: ? - help, Q - select action, (/) - cycle Shift-Dir - straight line, f - gnoll, p - gnoll
Aim: a gnoll, wielding a +0 spear (severely wounded, 66% to hit)
You shoot an arrow. The arrow hits the gnoll.
The gnoll is moderately wounded.
Fire: a) +0 shortbow
Press: ? - help, Q - select action, (/) - cycle Shift-Dir - straight line, f/p - gnoll
Aim: a gnoll, wielding a +0 spear (severely wounded, 66% to hit)
You shoot an arrow. The arrow barely misses the gnoll. x2
Your surroundings suddenly seem different.
An ice beast comes into view.
An ice beast is nearby!
Okay, then.
You aren't carrying any items that you can evoke.
You aren't carrying any items that you can evoke.
Okay, then.
Press: ? - help, v - describe, . - travel
Here: an ice beast The floor.
As you read the scroll of teleportation, it crumbles to dust.
You feel strangely unstable.
Your surroundings suddenly seem different.
There is a stone staircase leading up here.
You start resting.
You are ready to hop once more.
You start resting.
HP restored.
You start resting.
HP restored.
You see here a +0 whip.
Okay, then.
Found a stone staircase leading down.
A giant cockroach comes into view.
Found a brown potion and 9 gold pieces.
You shoot an arrow.
The arrow closely misses the giant cockroach.
The giant cockroach bites you but does no damage.
You shoot an arrow.
The arrow barely misses the giant cockroach.
The giant cockroach barely misses you. The giant cockroach closely misses you.
You shoot an arrow. The arrow hits the giant cockroach.
The giant cockroach is severely wounded.
The giant cockroach barely misses you. The giant cockroach closely misses you.
You shoot an arrow. The arrow hits the giant cockroach!
You kill the giant cockroach!
No target in view!
c - a brown potion You see here a giant cockroach corpse.
There is a stone staircase leading down here.
You now have 232 gold pieces (gained 9).
A hound comes into view.
The hound barks!
You shoot an arrow. The arrow barely misses the hound.
You shoot an arrow.
The arrow hits the hound but does no damage.
You shoot an arrow. The arrow hits the hound.
The hound is moderately wounded.
The hound bites you but does no damage.
You shoot an arrow. The arrow hits the hound.
The hound is severely wounded.
The hound bites you but does no damage. x2
You shoot an arrow. The arrow hits the hound!
You kill the hound!
A hobgoblin comes into view.
Training target 4.0 for Fighting reached!
Your Fighting skill increases to level 4!
You shoot an arrow. The hobgoblin shouts!
The arrow hits the hobgoblin.
You kill the hobgoblin!
No target in view!
You see here a hound corpse.
Things that are here:
4 boomerangs; a hobgoblin corpse An iguana comes into view.
The iguana hisses angrily.
You shoot an arrow. The arrow hits the iguana.
The iguana is moderately wounded.
Fire: a) +0 shortbow
Press: ? - help, Q - select action, (/) - cycle Shift-Dir - straight line, f - gnoll, p - iguana
Aim: a gnoll, wielding a +0 flail (wandering, hasn't noticed you, 68% to hit)
You shoot an arrow. The gnoll shouts!
The arrow hits the iguana.
The iguana is heavily wounded.
You hear a shout!
Fire: a) +0 shortbow
Press: ? - help, Q - select action, (/) - cycle Shift-Dir - straight line, f/p - gnoll
Aim: a gnoll, wielding a +0 flail (68% to hit)
You shoot an arrow.
The arrow hits the iguana but does no damage.
The iguana is heavily wounded.
Fire: a) +0 shortbow
Press: ? - help, Q - select action, (/) - cycle Shift-Dir - straight line, f/p - gnoll
Aim: a gnoll, wielding a +0 flail (68% to hit)
You shoot an arrow. The arrow closely misses the iguana.
The arrow hits the gnoll!
The gnoll is heavily wounded.
The iguana bites you!
Fire: a) +0 shortbow
Press: ? - help, Q - select action, (/) - cycle Shift-Dir - straight line, f/p - gnoll
Aim: a gnoll, wielding a +0 flail (heavily wounded, 68% to hit)
You shoot an arrow. The arrow hits the iguana.
The iguana is severely wounded.
The iguana hisses menacingly.
The iguana bites you!
Fire: a) +0 shortbow
Press: ? - help, Q - select action, (/) - cycle Shift-Dir - straight line, f - gnoll, p - gnoll
Aim: a gnoll, wielding a +0 spear (68% to hit)
You shoot an arrow.
The arrow hits the iguana but does no damage.
The iguana is severely wounded.
The iguana bites you.
* * * LOW HITPOINT WARNING * * *
The iguana bites you.
* * * LOW HITPOINT WARNING * * *
Fire: a) +0 shortbow
Press: ? - help, Q - select action, (/) - cycle Shift-Dir - straight line, f - gnoll, p - gnoll
Aim: a gnoll, wielding a +0 spear and wearing a +0 robe (wandering, hasn't noticed you, 68% to hit)
You shoot an arrow. The gnoll shouts!
The arrow hits the iguana!
You kill the iguana!
Your Armour skill increases to level 2!
Okay, then.
Okay, then.
Fire: a) +0 shortbow
Press: ? - help, Q - select action, (/) - cycle Shift-Dir - straight line, f/p - gnoll
Aim: a gnoll, wielding a +0 spear and wearing a +0 robe (68% to hit)
You shoot an arrow. The arrow hits the gnoll!
You kill the gnoll!
A hobgoblin comes into view.
You have reached level 6!
Unknown command.
Press: ? - help, v - describe, . - travel
Here: a gnoll, wielding a +0 spear The floor, spattered with blood.
Unknown command.
The gnoll hits you from afar with a +0 spear.
* * * LOW HITPOINT WARNING * * *
The gnoll closely misses you. The gnoll barely misses you.
The gnoll hits you but does no damage.
There is a stone staircase leading up here.
The gnoll hits you but does no damage.
You climb upwards.
There is a stone staircase leading down here.
Things that are here:
4 stones; a +0 whip
There is a stone staircase leading down here.
You start resting.
HP restored.
You start resting.
HP restored.
You climb downwards.
There is a stone staircase leading up here.
Found a robe.
You don't know any spells.
Unknown command.
Press: ? - help, v - describe, . - travel
Here: an ice beast (wandering, hasn't noticed you)
The floor.
Fire: a) +0 shortbow
Press: ? - help, Q - select action, (/) - cycle Shift-Dir - straight line, f - ice beast
Aim: an ice beast (64% to hit)
You shoot an arrow.
The arrow hits the ice beast but does no damage.
Fire: a) +0 shortbow
Press: ? - help, Q - select action, (/) - cycle Shift-Dir - straight line, f/p - ice beast
Aim: an ice beast (64% to hit)
You shoot an arrow. The arrow barely misses the ice beast.
Fire: a) +0 shortbow
Press: ? - help, Q - select action, (/) - cycle Shift-Dir - straight line, f/p - ice beast
Aim: an ice beast (64% to hit)
You shoot an arrow. The arrow hits the ice beast.
The ice beast is lightly wounded.
Fire: a) +0 shortbow
Press: ? - help, Q - select action, (/) - cycle Shift-Dir - straight line, f/p - ice beast
Aim: an ice beast (lightly wounded, 64% to hit)
You shoot an arrow. The arrow hits the ice beast!
The ice beast is heavily wounded.
Fire: a) +0 shortbow
Press: ? - help, Q - select action, (/) - cycle Shift-Dir - straight line, f/p - ice beast
Aim: an ice beast (heavily wounded, 64% to hit)
You shoot an arrow.
The arrow hits the ice beast but does no damage.
The ice beast is heavily wounded.
The ice beast hits you. The ice beast freezes you!
Hop to where?
Press: ? - help, Dir - move target, p - ice beast Boing!
There is a stone staircase leading up here.
You climb upwards.
There is a stone staircase leading down here.
There is an open door here.
There is a stone staircase leading down here.
You start resting.
You are ready to hop once more.
You start resting.
HP restored.
You start resting.
HP restored.
You climb downwards.
There is a stone staircase leading up here.
A gnoll is nearby!
You shoot an arrow. The arrow hits the gnoll!
The gnoll is heavily wounded.
You shoot an arrow. The arrow hits the gnoll.
The gnoll is almost dead.
You shoot an arrow. The arrow hits the gnoll.
You kill the gnoll!
Items here: ( ))).
Things that are here:
a +0 leather armour; a +0 short sword
Found a dagger.
Unknown command.
Things that are here:
a +0 flail; a gnoll skeleton
Things that are here:
a +0 flail; a gnoll skeleton
Found an escape hatch in the ceiling.
Unknown command.
A kobold comes into view. It is wielding a +0 short sword.
The kobold shouts!
Unknown command.
You shoot an arrow. The arrow hits the kobold.
The kobold is heavily wounded.
You hear a shout!
You hear a shout!
You shoot an arrow.
The arrow hits the kobold but does no damage.
The kobold is heavily wounded.
You shoot an arrow. The arrow misses the kobold.
You shoot an arrow. The arrow hits the kobold.
You kill the kobold!
A kobold comes into view. It is wielding a +0 dagger.
A kobold is nearby!
You shoot an arrow. The arrow hits the kobold.
The kobold is severely wounded.
You shoot an arrow. The arrow hits the kobold.
You kill the kobold!
Press: ? - help, . - travel You can't see that place. [a rock wall.]
Things that are here:
a +0 dagger; 2 stones; 16 gold pieces You shoot an arrow.
The arrow hits the hobgoblin.
The hobgoblin is almost dead.
You shoot an arrow.
The arrow hits the hobgoblin but does no damage.
The hobgoblin is almost dead.
You shoot an arrow. The arrow barely misses the hobgoblin.
You shoot an arrow. The arrow closely misses the hobgoblin.
You shoot an arrow. The arrow barely misses the hobgoblin.
You shoot an arrow. The arrow closely misses the hobgoblin.
The hobgoblin closely misses you.
You shoot an arrow. The arrow closely misses the hobgoblin.
The hobgoblin hits you with a staff of conjuration.
Press: ? - help, v - describe, . - travel
Here: a hobgoblin, wielding a staff of conjuration (severely wounded)
The floor.
You shoot an arrow.
The arrow hits the hobgoblin but does no damage.
The hobgoblin is severely wounded.
The hobgoblin hits you but does no damage.
The hobgoblin hits you with a staff of conjuration.
You shoot an arrow. The arrow barely misses the hobgoblin.
The hobgoblin closely misses you.
You shoot an arrow. The arrow hits the hobgoblin!
You kill the hobgoblin!
You now have 244 gold pieces (gained 12).
You see here a staff of conjuration.
You now have 260 gold pieces (gained 16).
Things that are here:
a +0 dagger; 2 stones
There is an escape hatch in the ceiling here.
You start resting.
HP restored.
You start resting.
HP restored.
An endoplasm comes into view.
Found a staircase to the Ecumenical Temple and a stone staircase leading down.
The endoplasm quivers.
An endoplasm is nearby!
An endoplasm is nearby!
You shoot an arrow. The arrow hits the endoplasm!
You kill the endoplasm!
There is a staircase to the Ecumenical Temple here.
You climb downwards.
Welcome to the Ecumenical Temple!
There is a staircase back to the Dungeon here.
Found a bloodstained altar of Trog and a sacrificial altar of Ru.
Found a shimmering blue altar of Sif Muna.
Found an opulent altar of Gozag.
Found a sparkling altar of Nemelex Xobeh.
Found an ancient bone altar of Kikubaaqudgha.
Found a glowing golden altar of the Shining One.
Found a stormy altar of Qazlal.
You open the door.
Found a hazy altar of Hepliaklqana.
There is an open door here.
There is an open door here.
There is a staircase back to the Dungeon here.
Key pressed, stopping explore.
Unknown command.
There is an empty arch of ancient stone here.
Key pressed, stopping explore.
Unknown command.
Search for what [? for help]? .
Unknown command.
There is a staircase back to the Dungeon here.
You climb upwards.
Welcome back to the Dungeon!
There is a staircase to the Ecumenical Temple here.
An ice beast is nearby!
An ice beast is nearby!
You see here a staff of conjuration.
Things that are here:
2 stones; a +0 dagger You see here a +0 dagger.
You see here a +0 short sword.
Things that are here:
2 stones; a +0 dagger You see here a staff of conjuration.
You see here a +0 flail.
You see here 4 boomerangs.
There is a stone staircase leading down here.
You climb downwards.
The adder hisses angrily.
Found a fluorescent wand and a robe.
Found a stone staircase leading down.
There is a stone staircase leading up here.
You shoot an arrow. The arrow closely misses the adder.
You shoot an arrow. The arrow closely misses the adder.
The adder bites you but does no damage. The adder barely misses you.
You shoot an arrow. The arrow hits the adder.
The adder is heavily wounded.
The adder barely misses you. The adder bites you.
You are poisoned.
The adder poisons you!
You shoot an arrow. The arrow barely misses the adder.
You feel sick. The adder barely misses you. The adder closely misses you.
You shoot an arrow. The arrow hits the adder!
You kill the adder!
You feel sick.
You are mildly poisoned (44 -> 42).
Your movement speed is slow.
Your attack delay is about 1.3 (and is slowed by your armour).
Your base attributes are Str 12, Int 10, Dex 17.
Unknown command.
Search for what [Enter for "."]? body arm You start resting.
You feel sick. x2
You are no longer poisoned.
You start resting.
HP restored.
You start resting.
HP restored.
l - a wand of charming (14)
There is a stone staircase leading up here.
Unknown command.
Unknown command.
You open the door.
Found a yellow potion.
There is an open door here.
u - 3 yellow potions (gained 1)
You open the door.
An orc priest comes into view. It is wielding a +0 club.
Found a stone staircase leading down.
The orc priest shouts!
You hear a shout!
An orc wizard comes into view. It is wielding a +0 dagger.
You hear a shout!
There is an open door here.
Okay, then.
Okay, then.
Press: ? - help, v - describe, . - travel An open door.
Fire: a) +0 shortbow
Press: ? - help, Q - select action, (/) - cycle Shift-Dir - straight line, f - orc wizard
Aim: an orc wizard, wielding a +0 dagger and wearing a +0 robe (58% to hit)
You shoot an arrow. The arrow hits the orc priest.
The orc priest is lightly wounded.
The orc priest hits you with a +0 club.
The orc priest mumbles some strange prayers to Beogh against you.
Beogh smites you!
You hear a shout!
Really read the scroll of immolation?
As you read the scroll of immolation, it crumbles to dust.
The creatures around you are filled with an inner flame!
The orc wizard casts a spell at you. The magic dart hits you!
Fire: a) +0 shortbow
Press: ? - help, Q - select action, (/) - cycle Shift-Dir - straight line You shoot an arrow.
The arrow hits the orc priest.
Flame seeps out of the orc priest.
The orc priest is moderately wounded.
The orc priest is engulfed in blazing flames.
The orc priest explodes!
You feel a bit more experienced. The fiery explosion engulfs you!!
Ouch! That really hurt!
You die...

#........[..
###.........#
#...........#
#####'#..>......##
#≈≈≈≈###..†.......
###...≈#....<.....##
###.#...≈##.........#
.>o#...≈##.........#
#.#@..≈##.........#
#§○######.........#
#### ##.......##
##.....## #######


There were no monsters in sight!

Vanquished Creatures
  A hound (D:4)
  An orc priest (D:5)
  An iguana (D:4)
  An orc wizard (D:5)
  4 gnolls
  8 adders
  2 worms
  3 dart slugs
  5 orcs
  8 ball pythons
  8 endoplasms
  4 giant cockroaches
  3 goblins
  5 hobgoblins
  3 quokkas
  5 bats
  3 frilled lizards
  5 kobolds
  8 rats
78 creatures vanquished.

Notes
Turn   | Place    | Note
-------+----------+-------------------------------------------
     0 | D:1      | jagoly the Barachi Hunter began the quest for the Orb.
     0 | D:1      | Reached XP level 1. HP: 17/17 MP: 1/1
    35 | D:1      | Reached skill level 1 in Stealth
   326 | D:1      | Found a faded altar of an unknown god.
   437 | D:1      | Reached XP level 2. HP: 23/23 MP: 2/2
  1357 | D:2      | Reached XP level 3. HP: 17/28 MP: 3/3
  2009 | D:2      | Reached XP level 4. HP: 35/35 MP: 4/4
  2514 | D:3      | Reached skill level 5 in Ranged Weapons
  3152 | D:3      | Reached XP level 5. HP: 42/42 MP: 5/5
  3509 | D:4      | Reached skill level 1 in Armour
  3612 | D:4      | Noticed an ice beast
  3823 | D:4      | Reached XP level 6. HP: 18/48 MP: 6/6
  4295 | D:4      | Found a staircase to the Ecumenical Temple.
  4304 | Temple   | Entered the Ecumenical Temple
  4559 | D:5      | Entered Level 5 of the Dungeon
  4628 | D:5      | Killed by an exploding orc priest... ignited by their inner
                  | flame

Illustrated notes

Levels and vault maps discovered:
D:1:      onia_arrival_handbag, layout_basic,
          ebering_ecumenical_altar_sacrificial
D:2:      layout_loops_ring, hangedman_abyss_or_decor_lesser_grid
D:3:      layout_basic, hangedman_abyss_or_decor_stabs
D:4:      layout_loops_ring, minmay_temple_entry_slanted, serial_shops,
          nicolae_shop_stone
D:5:      layout_rooms, vehumet_crystals, mainiacjoe_overflow_chevrons,
          makhleb_altar_promises_db, kennysheep_donut,
          chequers_serial_rivers_room_a, hangedman_decor_opposing,
          chequers_serial_rivers_small_b, uniq_edmund
Temple:   hellmonk_temple_forest_ring

Skill      XL: |  1  2  3  4  5 |
---------------+----------------+-----
Stealth        | 1 |  1.0
Fighting       | 3 4 |  4.0
Dodging        | 3 |  3.0
Ranged Weapons | 5 |  5.9
Armour         | 2 |  2.6

Action                   |  1- 3 |  4- 6 || total
-------------------------+-------+-------++-------
 Fire: Shortbow          |   122 |   135 ||   257
Throw: Dart              |     9 |       ||     9
 Abil: Hop               |     2 |     3 ||     5
  Use: Scroll            |     1 |     4 ||     5
Armor: Leather armour    |    13 |       ||    13
       Scale mail        |       |    15 ||    15
Dodge: Dodged            |    42 |    34 ||    76
